 Dungeon Crawl Stone Soup version 0.27-a0-385-g3208abaabc (console) character file.

Game seed: 14136416658138844680

2234 jejorda2 the Cleaver (level 9, -3/75 HPs)
             Began as a Hill Orc Berserker on Feb 18, 2021.
             Was an Elder of Trog.
             Killed from afar by an electric eel (14 damage)
             ... with a bolt of electricity
             ... on level 7 of the Dungeon.
             The game lasted 00:15:08 (6663 turns).

jejorda2 the Cleaver (Hill Orc Berserker)           Turns: 6663, Time: 00:15:09

Health: -3/75      AC: 15    Str: 23    XL:     9   Next: 36%
Magic:  9/9        EV:  7    Int:  7    God:    Trog [****..]
Gold:   288        SH:  0    Dex: 10    Spells: 8/8 levels left

rFire    . . .     SeeInvis .   a - +1 war axe
rCold    + . .     Faith    .   (no shield)
rNeg     . . .     Spirit   .   q - +0 plate armour
rPois    .         Reflect  .   s - +2 helmet
rElec    .         Harm     .   (no cloak)
rCorr    .         Rampage  .   (no gloves)
Will     .....                  (no boots)
Stlth    ..........             (no amulet)
HPRegen  0.22/turn              w - ring of protection from cold
MPRegen  0.11/turn              y - ring of flight

@: no status effects
A: no striking features
a: Renounce Religion, Evoke Flight, Berserk, Trog's Hand, Brothers in Arms


You were on level 7 of the Dungeon.
You worshipped Trog.
Trog was greatly pleased with you.
You visited 1 branch of the dungeon, and saw 7 of its levels.
You also visited: Sewer.

You collected 338 gold pieces.
You spent 50 gold pieces at shops.

Inventory:

Hand Weapons
 a - a +1 war axe (weapon)
 b - a +3 morningstar
Missiles
 d - 26 poisoned darts (quivered)
 h - 6 curare-tipped darts
 k - 107 bolts
 l - 160 arrows
 t - a throwing net
Armour
 q - a +0 plate armour (worn)
 s - a +2 helmet (worn)
Jewellery
 w - a ring of protection from cold (left hand)
 y - a ring of flight (right hand)
Wands
 n - a wand of iceblast (11)
 r - a wand of digging (2)
 v - a wand of paralysis (7)
Scrolls
 e - a scroll of magic mapping
 g - 7 scrolls of teleportation
 j - a scroll of immolation
 m - 3 scrolls of enchant weapon
 o - 5 scrolls of fog
 p - 3 scrolls of enchant armour
 x - a scroll of blinking
Potions
 c - 5 potions of heal wounds
 f - a potion of berserk rage {unknown}
 i - 4 potions of flight
 u - 3 potions of curing
 z - 3 potions of lignification
 A - a potion of might
 B - a potion of mutation {unknown}


   Skills:
 - Level 6.0 Fighting
 * Level 13.1 Axes
 + Level 1.9 Throwing
 - Level 6.0 Armour
 - Level 1.5 Dodging


You had 8 spell levels left.
You didn't know any spells.
Your spell library was empty.

Dungeon Overview and Level Annotations

Branches:
Dungeon (7/15)             Temple (0/1) D:6           Sewer (visited)

Altars:
Gozag
Makhleb

Shops:
D:6 (


Message History

The black bear claws you but does no damage.
The black bear closely misses you.
You hit the black bear.
The black bear is almost dead.
The black bear goes berserk!
You slash the black bear!
You kill the black bear!
Trog accepts your kill.
y - a large peridot ring
y - a ring of flight (right hand)
Okay, then.
Unknown command.
You enter the shallow water.
Moving in this stuff is going to be slow.
An electric eel is nearby!
The electric eel shoots out a bolt of lightning at you!
The bolt of electricity hits you!
The electric eel shoots out a bolt of lightning at you!
The bolt of electricity hits you!
You see here 10 gold pieces.
The electric eel shoots out a bolt of lightning at you!
The bolt of electricity hits you.
The electric eel shoots out a bolt of lightning at you!
The bolt of electricity hits you.
There is a stone staircase leading up here.
The electric eel shoots out a bolt of lightning at you!
The bolt of electricity hits you!
There is a fountain of clear blue water here.
The electric eel shoots out a bolt of lightning at you!
The bolt of electricity hits you. The bolt of electricity hits you!
* * * LOW HITPOINT WARNING * * *
The bolt of electricity hits the electric eel.
The electric eel completely resists.
You hit the electric eel.
The electric eel is moderately wounded.
The electric eel shoots out a bolt of lightning at you!
The bolt of electricity hits you!
* * * LOW HITPOINT WARNING * * *
The bolt of electricity hits you!
You die...

#......#. # ≈.≈≈##
.......###.##≈≈≈≈≈.##
.......##≈#≈≈≈≈≈≈≈#≈## .
.......#≈≈≈≈≈≈≈≈≈≈≈≈≈#..
......#.≈≈≈≈≈≈≈≈≈≈≈≈≈.#
.....##≈≈≈≈≈≈≈≈≈≈≈≈≈≈##.
.....#≈≈≈≈≈≈≈≈≈≈≈≈.≈≈≈≈.
......≈≈≈..<≈).!#≈≈.#≈≈.
.......≈≈...$.<.@...≈#.
.#...##≈≈≈.≈≈.$⌠;≈?.≈≈#
......≈≈≈≈≈≈≈≈≈≈≈≈#≈≈≈≈#
##....#≈≈≈≈≈≈≈#≈≈≈≈≈≈≈##
.#......#≈≈≈≈≈≈≈≈≈≈≈#.#
.......#≈≈≈≈≈#≈≈≈≈≈≈≈..#
......###≈≈≈≈≈≈≈≈≈≈≈#.##
...........≈≈≈≈≈≈≈.##.#
..........##≈≈.≈≈##.


You could see an electric eel.

Vanquished Creatures
  Sigmund (D:2)
  A black bear (D:7)
  A sky beast (D:5)
  4 ogres
  3 centaurs (D:6)
  4 phantoms
  An electric eel (D:7)
  5 wights
  2 howler monkeys
  2 jellies
  3 hounds
  3 orc priests
  Ijyb (D:3)
  An iguana (D:5)
  3 worker ants
  2 hound skeletons (D:4)
  Robin (D:3)
  9 adders
  A shadow imp (D:5)
  A white imp (D:6)
  An ooze (D:1)
  An adder zombie (D:5)
  2 adder skeletons
  3 worms
  10 dart slugs
  A leopard gecko (D:3)
  13 orcs
  6 ball pythons
  A bat skeleton (D:2)
  4 giant cockroaches
  4 hobgoblins
  10 jackals
  3 quokkas
  A ball python skeleton (D:2)
  3 bats
  6 frilled lizards
  15 goblins
  A jackal skeleton (D:2)
  15 kobolds
  A leopard gecko skeleton (D:5)
  A leopard gecko zombie (D:7)
  4 quokka skeletons
  7 rats
162 creatures vanquished.

Vanquished Creatures (collateral kills)
  An ogre (D:6)
  The ghost of tabyourdongers the Sneak, a weakling TrDe (D:6)
  An orc (D:6)
3 creatures vanquished.

Vanquished Creatures (others)
  30 plants (Sewer)
  7 withered plants (D:2)
37 creatures vanquished.

Grand Total: 202 creatures vanquished

Notes
Turn   | Place    | Note
-------+----------+-------------------------------------------
     0 | D:1      | jejorda2 the Hill Orc Berserker began the quest for the
                  | Orb.
     0 | D:1      | Reached XP level 1. HP: 19/19 MP: 1/1
   113 | D:1      | Reached XP level 2. HP: 26/27 MP: 2/2
   868 | D:2      | Reached XP level 3. HP: 18/33 MP: 3/3
  1057 | D:2      | Reached ** piety under Trog
  1162 | D:2      | Reached skill level 5 in Axes
  1350 | D:2      | Noticed Sigmund
  1357 | D:2      | Killed Sigmund
  1358 | D:2      | Reached skill level 6 in Axes
  1358 | D:2      | Reached XP level 4. HP: 41/41 MP: 4/4
  1358 | D:2      | Reached XP level 5. HP: 47/47 MP: 5/5
  1746 | D:3      | Noticed Ijyb
  1790 | D:3      | Killed Ijyb
  1791 | D:3      | Reached skill level 5 in Fighting
  1791 | D:3      | Reached XP level 6. HP: 40/56 MP: 6/6
  1802 | D:3      | Reached skill level 7 in Axes
  1954 | D:3      | Noticed Robin
  1984 | D:3      | Killed Robin
  2066 | D:3      | Found a burning altar of Makhleb.
  2557 | D:4      | Reached XP level 7. HP: 53/61 MP: 7/7
  2856 | D:4      | Reached skill level 8 in Axes
  3365 | D:4      | Reached skill level 5 in Armour
  3668 | D:5      | Entered Level 5 of the Dungeon
  3678 | D:5      | Reached skill level 9 in Axes
  3678 | D:5      | Reached *** piety under Trog
  3679 | D:5      | Reached XP level 8. HP: 70/70 MP: 8/8
  3716 | D:5      | Found a glowing drain.
  3738 | Sewer    | Entered a sewer
  4475 | D:5      | Reached skill level 10 in Axes
  5104 | D:5      | Reached **** piety under Trog
  5105 | D:5      | Reached skill level 11 in Axes
  5223 | D:6      | Found a staircase to the Ecumenical Temple.
  5409 | D:6      | Reached skill level 12 in Axes
  5409 | D:6      | Reached XP level 9. HP: 44/75 MP: 9/9
  5587 | D:6      | Found Zivvoh's Weapon Shop.
  5592 | D:6      | Bought 6 curare-tipped darts for 50 gold pieces
  5776 | D:6      | Found a runed translucent gate.
  5777 | D:6      | Found a runed translucent gate.
  5777 | D:6      | Noticed tabyourdongers's ghost (weakling TrDe)
  5778 | D:6      | Found an opulent altar of Gozag.
  5778 | D:6      | Found a runed translucent gate.
  5789 | D:6      | Reached skill level 1 in Throwing
  5790 | D:6      | Killed tabyourdongers's ghost
  6547 | D:7      | Reached skill level 13 in Axes
  6663 | D:7      | Killed from afar by an electric eel

Illustrated notes

Levels and vault maps discovered:
D:1:      tarquinn_simple_flora_water_f, layout_rooms
D:2:      layout_basic, serial_undead, serial_undead_f, serial_undead_b,
          serial_undead_e, serial_undead_a, serial_undead_b, serial_undead_c,
          serial_park_tiny_pond, uniq_sigmund
D:3:      layout_basic, bloody_makhleb, uniq_robin, uniq_ijyb
D:4:      layout_loops_ring
D:5:      layout_loops_ring, cheibrodos_sewer_entry_drain
D:6:      layout_rooms, minmay_temple_entry_statues_pillars, serial_shops,
          kennysheep_little_box, ebering_ghost_gozag
D:7:      kennysheep_slugbush, layout_basic

Skill      XL: |  1  2  3  4  5  6  7  8  9 |
---------------+----------------------------+-----
Fighting       | 4 5 6 |  6.0
Axes           | 6 7 9 12 13 | 13.1
Armour         | 3 4 5 6 |  6.0
Throwing       | 1 |  1.9
Dodging        | |  1.5

Action                   |  1- 3 |  4- 6 |  7- 9 || total
-------------------------+-------+-------+-------++-------
Melee: Hand axe          |    83 |   134 |    15 ||   232
       War axe           |       |       |   309 ||   309
Throw: Dart              |       |     3 |     2 ||     5
Invok: Berserk           |     2 |     1 |     3 ||     6
       Trog's Hand       |     1 |       |     1 ||     2
       Brothers in Arms  |       |       |     1 ||     1
Evoke: Wand              |       |       |     2 ||     2
  Use: Scroll            |       |       |    18 ||    18
Armor: Ring mail         |    29 |     3 |       ||    32
       Plate armour      |       |    72 |   185 ||   257
Dodge: Dodged            |    37 |    44 |   102 ||   183

Table legend: (Time is in decaauts)
 A = Elapsed time spent in this place.
 B = Non-inter-level travel time spent in this place.
 C = Inter-level travel time spent in this place.
 D = Time resting spent in this place.
 E = Time spent auto-exploring this place.
 F = Levels seen in this place.
 G = Mean time per level.
                   A        B        C        D        E       F      G
               +--------+--------+--------+--------+--------+-----+--------+
         Total |   6865 |   6574 |    291 |    294 |   5023 |   8 |  858.1 |
       Dungeon |   6126 |   5835 |    291 |    294 |   4513 |   7 |  875.1 |
         Sewer |    739 |    739 |      0 |      0 |    510 |   1 |  739.0 |
               +--------+--------+--------+--------+--------+-----+--------+

Top non-repeatable levels by time:
     D:4: 1158 daAuts
     D:6: 1100 daAuts
     D:5: 964 daAuts
     D:3: 865 daAuts
     D:1: 855 daAuts
     D:2: 821 daAuts
   Sewer: 739 daAuts
     D:7: 360 daAuts
